Nobbs, chaotic male elven Wizard ---------------- ###########**###@af#......$........| # |..............| ### ........(.....| # |............... ----------------### --------------+- |...............# --------- |..............| |........ |...............#####|.......| |..............| #-.......| ---------------- |.......| |..|....| -------- |......>.#########|<.....| --------- #........ |......| -------- Nobbs the Conjurer Experience level: 3 Strength: 11 Dexterity: 15 Constitution: 11 Intelligence: 20 Wisdom: 9 Charisma: 10 Health: 0(22) Energy: 21(27) Def: 1 Gold: 239 Moves: 1624 Dungeon seed: _NV6R_SeN8sSvfOh Game ID: Nobbs_1509470112 Your Inventory: Coins $ - 239 gold pieces Wands b - a wand of digging (0:6) Weapons a - a blessed +1 quarterstaff (weapon in hands) Armor e - an uncursed +0 cloak of magic resistance (being worn) Comestibles q - 2 uncursed food rations t - 2 uncursed lichen corpses x - an uncursed tripe ration Scrolls i - an uncursed scroll of charging j - an uncursed scroll of identify k - an uncursed scroll of confuse monster Spellbooks l - a blessed spellbook of force bolt m - an uncursed spellbook of create monster s - an uncursed spellbook of force bolt A - an uncursed spellbook of restore ability B - an uncursed spellbook of invisibility Potions f - an uncursed potion of water g - an uncursed potion of oil h - 2 uncursed potions of speed p - an uncursed potion of blindness u - an uncursed potion of confusion C - an uncursed potion of booze Rings c - an uncursed ring of slow digestion (on left hand) d - an uncursed +1 ring of increase accuracy (on right hand) Tools n - an uncursed wooden harp Spells and supernatural/magical abilities: Name Level Category Fail Memory a - force bolt 1 attack 0% 92% O - create monster 2 clerical 39% 92% R - restore ability 4 healing 94% 98% W - pray for help -- divine ? -- Your skills at the end: Fighting Skills Weapon Skills quarterstaff [Basic] Spellcasting Skills attack spells [Basic] enchantment spells [Basic] Final Attributes: You were piously aligned. You were magic-protected. You had infravision. You had a +1 bonus to hit. You had slower digestion. You are dead. Vanquished creatures: 2 giant ants a floating eye a coyote a large kobold 2 giant rats a yellow mold a gecko a jackal 2 kobolds 4 sewer rats a grid bug a bat 4 lichens a kobold zombie a newt 24 creatures vanquished. Voluntary challenges: You used a wielded weapon 12 times, starting on turn 203. You read items or engraved 16 times, starting on turn 1026. You never genocided any monsters. You never polymorphed an object. You never changed form. You used no wishes. You never split a pudding. You never wrote Elbereth's name. You never violated your personal moral code. Dungeon overview: The Dungeons of Doom: levels 1 to 6 Level 1 an altar to Anhur a long staircase Level 2 a fountain Level 3 a general store, an altar to Ptah, some fountains a long staircase Level 4 Level 5 <- You were here Level 6 History has recorded: On T:1 you entered the Dungeons of Doom to retrieve the Amulet of Yendor! On T:169 you reached level 2 of The Dungeons of Doom. On T:399 you reached level 3 of The Dungeons of Doom. On T:667 you advanced to experience level 2. On T:1174 you advanced to experience level 3. On T:1262 you reached level 4 of The Dungeons of Doom. On T:1511 you reached level 5 of The Dungeons of Doom. On T:1531 you reached level 6 of The Dungeons of Doom. Score breakdown: Gold: 239 ( 8096 points) Experience: 3 levels ( 7878 points) Exploration: 6 levels ( 12.24%) ( 9682 points) Discoveries: 1 item ( 0.36%) ( 1802 points) Valuables value: (no points given unless you survive) Artifact value: 0 ( 0 points) Variety of kills: 15 monsters ( 3.94%) ( 5952 points) Turncount: 1624 turns ( 0 points) Survival: died (score multiplied by 80%) Total score: 26728 Latest messages: The giant ant bites! The giant ant misses Fiffy. Fiffy misses the giant ant. The giant ant bites! The giant ant misses Fiffy. Fiffy misses the giant ant. The giant ant misses Fiffy. Fiffy misses the giant ant. You hear some noises in the distance. You hear some noises. The giant ant bites! You hear some noises in the distance. The giant ant bites! You hit the giant ant! The giant ant bites! You kill the giant ant! The giant ant bites! You miss the giant ant. The giant ant bites! You miss the giant ant. The giant ant bites! You die... Final status: Goodbye Nobbs the Wizard, killed by a giant ant... You died in The Dungeons of Doom on dungeon level 5 with 26728 points, and 239 pieces of gold, after 1624 moves. You were level 3 with a maximum of 22 hit points when you died.